 Dungeon Crawl Stone Soup version 0.22-a0-305-gd21a89c (webtiles) character file.

170 Amnesiac the Cutter (level 5, -2/32 HPs)
             Began as a Kobold Fighter on Mar 31, 2018.
             Slain by a gnoll
             ... wielding a +0 halberd
              (14 damage)
             ... on level 4 of the Dungeon.
             The game lasted 00:01:53 (830 turns).

Amnesiac the Cutter (Kobold Fighter)                 Turns: 830, Time: 00:01:53

Health: -2/32      AC:  6    Str: 20    XL:     5   Next: 80%
Magic:  5/5        EV: 13    Int:  9    God:
Gold:   54         SH:  9    Dex: 14    Spells: 4/4 levels left

rFire    . . .     SeeInvis .   a - +0 rapier
rCold    . . .     Gourm    .   c - +0 shield
rNeg     . . .     Faith    .   b - +0 scale mail
rPois    .         Spirit   .   (no helmet)
rElec    .         Reflect  .   (no cloak)
rCorr    .         Harm     .   (no gloves)
MR       .....                  (no boots)
Stlth    ..........             (no amulet)
HPRegen  0.10/turn              k - +3 ring of evasion
MPRegen  0.09/turn              (no ring)

@: mighty
A: small, carnivore
a: no special abilities


You were on level 4 of the Dungeon.
You were completely stuffed.

You visited 1 branch of the dungeon, and saw 4 of its levels.

You collected 54 gold pieces.

Inventory:

Hand Weapons
 a - a +0 rapier (weapon)
 p - a +0 blowgun
Missiles
 e - 23 poisoned needles
Armour
 b - a +0 scale mail (worn)
 c - a +0 shield (worn)
Jewellery
 h - an uncursed ring of ice
 k - a +3 ring of evasion (left hand)
 o - an uncursed amulet of magic regeneration {unknown}
Scrolls
 i - 2 scrolls of identify {!r, unknown}
 j - a scroll of enchant weapon {!r, unknown}
 l - a scroll of teleportation {!r, unknown}
 m - a scroll of amnesia {!r, unknown}
 n - a scroll of blinking {!r, unknown}
Potions
 g - a potion of lignification {!q, unknown}
Comestibles
 f - 4 rations
 q - 2 chunks of flesh


   Skills:
 - Level 3.2 Fighting
 * Level 6.5 Short Blades
 - Level 2.4 Armour
 - Level 2.6 Dodging
 - Level 2.4 Shields


You had 4 spell levels left.
You didn't know any spells.

Dungeon Overview and Level Annotations

Branches:
Dungeon (4/15)
 Temple: D:4-7

Altars:


Innate Abilities, Weirdness & Mutations

You are small and have problems with some larger weapons.
You are carnivorous and can eat meat at any time.


Message History

Things that are here:
a short sword; a robe; an orc corpse You butcher the orc corpse.
q - 4 chunks of flesh
There is an escape hatch in the floor here.
Things that are here:
a short sword; a robe Eating one of 4 chunks of flesh.
You eat one of the 4 chunks of flesh.
This raw flesh tastes great.
Eating one of 3 chunks of flesh.
You eat one of the 3 chunks of flesh.
This raw flesh tastes great.
The orc priest miscasts a cantrip.
The orc priest is too close now for your liking.
An orc priest is nearby!
The orc priest looks braver for a moment.
The orc priest casts a cantrip, but nothing happens.
There is an escape hatch in the floor here.
Things that are here:
a short sword; a robe You slide downwards.
The hatch slams shut behind you.
Found a leather armour.
You see here a leather armour. 2 gnolls and a gnoll shaman come into view.
The gnoll shaman shouts!
The gnoll shouts!
Found a stone staircase leading down.
A gnoll comes into view. It is wielding a spear of freezing.
You see here a leather armour.
You block the gnoll's attack.
You hit the gnoll.
The gnoll is heavily wounded.
The gnoll hits you with a spear.
The gnoll shaman calls upon its god to heal the gnoll.
The gnoll is healed somewhat.
You hit the gnoll.
The gnoll is moderately wounded.
The gnoll barely misses you.
You hit the gnoll.
The gnoll is heavily wounded.
You block the gnoll's attack.
You puncture the gnoll!
You kill the gnoll!
The gnoll shaman calls upon its god to speed up the gnoll.
The gnoll seems to speed up.
You hit the gnoll shaman but do no damage.
The gnoll shaman closely misses you.
The gnoll hits you from afar with a halberd!
You hit the gnoll shaman.
The gnoll shaman is moderately wounded.
The gnoll closely misses you.
Really quaff
d - a potion of might {!q}?
You feel very mighty all of a sudden. You block the gnoll shaman's attack.
You block the gnoll's attack.
You barely miss the gnoll shaman.
The gnoll shaman is moderately wounded.
You block the gnoll's attack. The gnoll shaman hits you with a club!
* * * LOW HITPOINT WARNING * * *
You puncture the gnoll shaman!
You kill the gnoll shaman!
The gnoll closely misses you. You block the gnoll's attack.
The gnoll hits you but does no damage.
Items here: )) [ † a club; a robe; a spear; a gnoll corpse You closely miss the gnoll.
The gnoll hits you with a halberd!
You die...

#.############
#........@g..#
############.#
#...g...#
#[####### #.###
#...# ###g#
g.g.gg........>
#######...#####


You could see a gnoll.

Vanquished Creatures
  An orc priest (D:3)
  2 orc wizards (D:3)
  A gnoll shaman (D:4)
  2 gnolls
  2 leopard geckos
  4 orcs (D:3)
  4 bats
  A giant cockroach (D:2)
  2 goblins
  2 hobgoblins
  2 frilled lizards
  4 kobolds
  5 rats
32 creatures vanquished.

Notes
Turn   | Place    | Note
-------+----------+-------------------------------------------
     0 | D:1      | Amnesiac the Kobold Fighter began the quest for the Orb.
     0 | D:1      | Reached XP level 1. HP: 14/14 MP: 1/1
    48 | D:1      | Reached skill level 3 in Short Blades
    54 | D:1      | Reached XP level 2. HP: 13/19 MP: 2/2
    66 | D:1      | Reached skill level 1 in Dodging
   250 | D:2      | Reached XP level 3. HP: 23/23 MP: 3/3
   265 | D:2      | Reached skill level 4 in Short Blades
   400 | D:3      | Reached XP level 4. HP: 15/28 MP: 4/4
   407 | D:3      | Reached skill level 5 in Short Blades
   407 | D:3      | Reached XP level 5. HP: 6/32 MP: 5/5
   770 | D:3      | Reached skill level 6 in Short Blades
   830 | D:4      | Slain by a gnoll

Vault maps used:
D:1:      dpeg_arrival_water_altar
D:2:      marbit_many_paths, lemuel_coloured_pillars_altar, lemuel_doored_altar,
          serial_bayou_crossing
D:3:      nicolae_overflow_hidden_temple, lemuel_crystal_altar
D:4:      overflow_temple_1_default, first_ration,
          nemelex_xobeh_ov_fountains_minmay, uniq_crazy_yiuf_cottage

Skill      XL: |  1  2  3  4  5 |
---------------+----------------+-----
Short Blades   | 3 4 5 6 |  6.5
Dodging        | 1 2 |  2.6
Fighting       | |  3.2
Armour         | |  2.4
Shields        | |  2.4

Action                   |  1- 3 |  4- 6 || total
-------------------------+-------+-------++-------
Melee: Rapier            |    81 |    32 ||   113
  Use: Potion            |     1 |     1 ||     2
  Eat: Chunk             |     6 |     2 ||     8
Armor: Scale mail        |    33 |     7 ||    40
Dodge: Dodged            |    42 |    19 ||    61
Block: Shield            |    53 |    17 ||    70

Table legend:
 A = Spawn XP
 B = Non-spawn XP
 C = Spawn XP percentage of total XP
 D = Spawn monster count
 E = Non-spawn monster count
 F = Spawn count percentage of total count
 G = Total turns spent on level
                    A         B        C        D         E        F      G
               +---------+---------+-------+---------+---------+-------+---------
         Total |       0 |     243 |   0.0 |       0 |      32 |   0.0 |   830
               +---------+---------+-------+---------+---------+-------+---------
           D:1 |       0 |      27 |   0.0 |       0 |       7 |   0.0 |   232
           D:2 |       0 |      14 |   0.0 |       0 |       9 |   0.0 |    93
           D:3 |       0 |     148 |   0.0 |       0 |      14 |   0.0 |   468
           D:4 |       0 |      54 |   0.0 |       0 |       2 |   0.0 |    37
               +---------+---------+-------+---------+---------+-------+---------
